 Dungeon Crawl Stone Soup version 0.25-a0-597-gb30770a0c0 (webtiles) character file.

Game seed: 13385326008041272924, levelgen mode: deterministic

121 Glundar the Chopper (level 4, 0/35 HPs)
             Began as a Demonspawn Fighter on Mar 15, 2020.
             Slain by a jackal (3 damage)
             ... on level 3 of the Dungeon.
             The game lasted 00:11:43 (2475 turns).

Glundar the Chopper (Demonspawn Fighter)            Turns: 2475, Time: 00:11:44

Health: 0/35       AC:  6    Str: 18    XL:     4   Next: 77%
Magic:  13/13      EV:  7    Int:  9    God:
Gold:   167        SH:  8    Dex: 12    Spells: 3/3 levels left

rFire    . . .     SeeInvis .   b - +0 hunting sling
rCold    . . .     Gourm    .   c - +0 kite shield
rNeg     . . .     Faith    .   j - +0 scale mail
rPois    .         Spirit   .   (helmet restricted)
rElec    .         Reflect  .   (no cloak)
rCorr    .         Harm     .   (no gloves)
MR       .....                  (no boots)
Stlth    ..........             (no amulet)
HPRegen  0.11/turn              i - ring of magical power
MPRegen  0.13/turn              (no ring)

@: lethally poisoned (0 -> -4)
A: horns 1
a: no special abilities


You were on level 3 of the Dungeon.
You were not hungry.

You visited 1 branch of the dungeon, and saw 3 of its levels.

You collected 167 gold pieces.

Inventory:

Hand Weapons
 a - a +0 war axe
 b - a +0 hunting sling (weapon)
 k - a +1 hand axe of holy wrath
Missiles
 m - 78 stones (quivered)
 o - 15 sling bullets
Armour
 c - a +0 kite shield (worn)
 j - a +0 scale mail (worn)
Jewellery
 i - a ring of magical power (left hand)
Scrolls
 g - 5 scrolls of identify {unknown}
 h - a scroll of fear {unknown}
 q - a scroll of magic mapping {unknown}
Potions
 d - a potion of might
 e - 3 potions of stabbing {unknown}
 n - 3 potions of mutation {unknown}
 p - a potion of cancellation {unknown}
 r - 2 potions of resistance {unknown}
Comestibles
 f - 2 rations


   Skills:
 - Level 3.0 Fighting
 + Level 3.9 Axes
 + Level 1.8 Slings
 - Level 2.8 Armour
 - Level 2.7 Shields


You had 3 spell levels left.
You didn't know any spells.
Your spell library was empty.

Dungeon Overview and Level Annotations

Branches:
Dungeon (3/15)

Altars:
Uskayaw
The Shining One


Innate Abilities, Weirdness & Mutations

You have a pair of small horns on your head.


Message History

The jackal barks!
The orc priest mumbles some strange prayers to Beogh against you.
Beogh smites you!
* * * LOW HITPOINT WARNING * * *
The jackal moves out of view.
A bat comes into view.
You hear the slow rusting of a very distant drain.
You block the jackal's attack. The jackal barely misses you.
The adder bites you but does no damage. The jackal closely misses you.
You block the adder's attack.
Found a stone staircase leading up.
Really attack while wielding your +0 hunting sling? [Y]es or [N]o only, please.
Really attack while wielding your +0 hunting sling?
Okay, then.
The bat barely misses you. You block the adder's attack. The adder bites you.
* * * LOW HITPOINT WARNING * * *
You are lethally poisoned!
The adder poisons you! The jackal bites you.
You die...

#...... . #...... .. ..
##....# ...##. .. ......
#.... .?..#.# ##....#
.......## ##.# .......
......bh###..... ......
........@....... .....!
....#.#SS##..#<##..# #...
....#...h# .#..#..#.#...
.......o##. ............
........o##..#...........
..##.....##..#.....#.###.
. #....o.#........#.###.
.....##.## #....##.....
###.. #.# #....##.....


You could see an orc priest, 2 adders, 2 orcs, 2 jackals and a bat.

Vanquished Creatures
  Robin (D:1)
  5 adders (D:2)
  3 worms
  A dart slug (D:1)
  A leopard gecko (D:1)
  4 bats
  3 giant cockroaches
  18 goblins
  7 hobgoblins
  3 kobolds
  2 ball pythons (D:2)
  2 frilled lizards (D:2)
  3 rats
53 creatures vanquished.

Notes
Turn   | Place    | Note
-------+----------+-------------------------------------------
     0 | D:1      | Glundar the Demonspawn Fighter began the quest for the Orb.
     0 | D:1      | Reached XP level 1. HP: 18/18 MP: 1/1
   184 | D:1      | Gained mutation: You have a pair of small horns on your
                  | head. [demonic ancestry]
   184 | D:1      | Reached XP level 2. HP: 24/24 MP: 2/2
   823 | D:2      | Reached XP level 3. HP: 26/29 MP: 3/3
  1014 | D:2      | Reached skill level 1 in Slings
  1315 | D:2      | Noticed Robin
  1321 | D:2      | Reached XP level 4. HP: 33/35 MP: 4/4
  1823 | D:1      | Killed Robin
  2429 | D:3      | Found a glowing golden altar of the Shining One.
  2429 | D:3      | Found a hide-covered altar of Uskayaw.
  2475 | D:3      | Slain by a jackal

Levels and vault maps discovered:
D:1:      minmay_arrival_checkered_box, layout_basic, kennysheep_boxes
D:2:      layout_basic, kennysheep_generic_room_6, uniq_robin
D:3:      layout_basic, grunt_temple_overflow_order_and_chaos_2,
          chequers_temple_overflow_statue_of_worship, portal_sewer_entry_f,
          first_ration, tso_altar

Skill      XL: |  1  2  3 |
---------------+----------+-----
Axes           | 2 3 |  3.9
Slings         | 1 |  1.8
Fighting       | |  3.0
Armour         | |  2.8
Shields        | |  2.7

Action                   |  1- 3 |  4- 6 || total
-------------------------+-------+-------++-------
Melee: War axe           |    90 |    52 ||   142
       Headbutt          |     8 |     5 ||    13
 Fire: Hunting sling     |    24 |    18 ||    42
  Eat: Chunk             |     1 |     4 ||     5
Armor: Scale mail        |    47 |    36 ||    83
Dodge: Dodged            |    27 |    23 ||    50
Block: Kite shield       |    48 |    41 ||    89

Table legend:
 A = Non-vault XP
 B = Vault XP
 C = Vault XP percentage of total XP
 D = Non-vault monster count
 E = Vault monster count
 F = Vault count percentage of total count
                 A         B        C        D         E       F
            +---------+---------+-------+---------+---------+-------
      Total |     129 |      45 |  25.9 |      38 |      15 |  28.3
            +---------+---------+-------+---------+---------+-------
        D:1 |      36 |      23 |  39.0 |      17 |       5 |  22.7
        D:2 |      93 |      22 |  19.1 |      21 |      10 |  32.3
            +---------+---------+-------+---------+---------+-------
